 Dungeon Crawl Stone Soup version 0.17.1-2-g5865329 (webtiles) character file.

300 Mysteryquy the Cleaver (level 6, -9/51 HPs)
             Began as a Hill Orc Chaos Knight on Jan 23, 2016.
             Mangled by an ogre
             ... wielding a +0 giant club
              (30 damage)
             ... on level 4 of the Dungeon.
             The game lasted 00:05:45 (3096 turns).

Mysteryquy the Cleaver (Hill Orc Chaos Knight)      Turns: 3096, Time: 00:05:45

Health: -9/51      AC:  2    Str: 17    XL:     6   Next: 36%
Magic:  6/6        EV: 11    Int: 17    God:    Xom [*.....]
Gold:   76         SH:  0    Dex: 10    Spells: 0 memorised, 5 levels left

rFire  + . .     SeeInvis .     B - +1 battleaxe (chop)
rCold  . . .     Clarity  .     y - +0 robe "Qume Zeh" {rF+ Int+5} (curse)
rNeg   . . .     SustAt   .     (shield currently unavailable)
rPois  .         Gourm    .     (no helmet)
rElec  .         Spirit   .     (no cloak)
rCorr  .         Warding  .     (no gloves)
rMut   .         Stasis   .     (no boots)
MR     .....                    (no amulet)
Stlth  +.........               (no ring)
                                (no ring)

@: not resistant to hostile enchantments, very unstealthy
A: no striking features
a: Renounce Religion


You were on level 4 of the Dungeon.
You worshipped Xom.
You were a special plaything of Xom.
You were not hungry.

You visited 1 branch of the dungeon, and saw 4 of its levels.

You collected 76 gold pieces.

Inventory:

Hand Weapons
 a - a +0 hand axe of chaos
 B - a +1 battleaxe of chopping (weapon)
Armour
 b - a +2 leather armour
 e - a +0 ring mail
 y - the cursed +0 robe "Qume Zeh" (worn) {rF+ Int+5}
   (You found it on level 4 of the Dungeon)

   It affects your intelligence (+5).
   It protects you from fire.
   It has a curse placed upon it.
Jewellery
 f - an uncursed ring of flight {unknown}
 h - an uncursed amulet of warding {unknown}
 k - a cursed ring of loudness {unknown}
 l - a cursed ring of teleportation {unknown}
Scrolls
 i - 3 scrolls of remove curse {unknown}
 j - a scroll of amnesia {unknown}
 n - 5 scrolls of identify {unknown}
 o - 2 scrolls of magic mapping {unknown}
 p - a scroll of fog {unknown}
 r - a scroll of teleportation {unknown}
 u - a scroll of noise {unknown}
 v - a scroll of blinking {unknown}
Potions
 d - a potion of agility {unknown}
 g - a potion of brilliance {unknown}
 q - a potion of poison {unknown}
 x - a potion of invisibility {unknown}
Books
 w - a book of Battle

   Spells                             Type                      Level
   a - Infusion                       Charms                       1
   b - Shroud of Golubria             Charms/Translocation         2
   c - Song of Slaying                Charms                       2
   d - Spectral Weapon                Hexes/Charms                 3
   e - Regeneration                   Charms/Necromancy            3
 A - a book of Envenomations

   Spells                             Type                      Level
   a - Spider Form                    Transmutation/Poison         3
   b - Alistair's Intoxication        Transmutation/Poison         4
   c - Olgreb's Toxic Radiance        Poison                       4
   d - Poisonous Cloud                Conjuration/Poison/Air       6
Comestibles
 c - 4 bread rations
 m - 3 meat rations
 s - a beef jerky
 t - a fruit
 z - 3 chunks of flesh


   Skills:
 - Level 3.6 Fighting
 + Level 9.1 Axes
 - Level 2.1 Armour
 - Level 0.7 Dodging


You had 5 spell levels left.
You didn't know any spells.

Dungeon Overview and Level Annotations

Branches:
Dungeon (4/15)
 Temple: D:4-7

Altars:
Ashenzari
Elyvilon
Fedhas


Message History

You kill the jackal!
You hit the ogre.
The ogre is lightly wounded.
The ogre closely misses you. The jackal bites you.
You slash the ogre!
The ogre is severely wounded.
You hit the jackal.
The jackal is severely wounded.
The jackal bites you but does no damage.
The ogre closely misses you.
You hit the ogre.
The ogre is almost dead.
You hit the jackal.
You kill the jackal!
The ogre hits you with a giant club!!
You barely miss the ogre.
The ogre is almost dead.
The ogre hits you with a giant club!!
Ouch! That really hurt!
You die...

.##.# $.#(# #.#[# #
#.#.# #.#.#.# # #.#.#.#
#...#..O#.#############
..$..$†@..............##
###.......###########..#
(....!..................
...#########......####.#
.. #......# #.# .
########......# #..
#.............# ##.
#.)...........# #.
##.........##### #.


You could see an ogre.

Vanquished Creatures
  An ogre (D:3)
  A giant frog (D:4)
  A worker ant (D:4)
  A hound skeleton (D:4)
  6 adders
  An adder skeleton (D:4)
  2 worms (D:2)
  2 giant geckos
  4 orcs (D:3)
  4 giant cockroaches
  4 goblins
  7 hobgoblins
  A quokka (D:2)
  2 ball pythons
  7 bats
  3 giant newts
  8 jackals
  10 kobolds
  7 rats
72 creatures vanquished.

Notes
Turn   | Place    | Note
--------------------------------------------------------------
     0 | D:1      | Mysteryquy the Hill Orc Chaos Knight began the quest for the Orb.
     0 | D:1      | Reached XP level 1. HP: 19/19 MP: 1/1
   159 | D:1      | Reached XP level 2. HP: 26/26 MP: 2/2
   348 | D:1      | Reached skill level 5 in Axes
   388 | D:2      | Reached XP level 3. HP: 13/31 MP: 3/3
   650 | D:2      | XOM: harmless Necr miscast
   693 | D:2      | Found a shattered altar of Ashenzari.
   698 | D:2      | Saw a vision of the Shoals and the Spider Nest.
   698 | D:2      | Noticed a hippogriff
   698 | D:2      | Noticed a sea snake
   698 | D:2      | Noticed a merfolk
   698 | D:2      | Noticed a sea snake
   698 | D:2      | Noticed a merfolk
   698 | D:2      | Noticed a scorpion
   698 | D:2      | Noticed a spider
   698 | D:2      | Noticed a spider
   698 | D:2      | Noticed a scorpion
   698 | D:2      | Noticed a scorpion
   699 | D:2      | Noticed a siren
   700 | D:2      | Noticed a spider
   881 | D:2      | Reached skill level 6 in Axes
  1088 | D:2      | XOM: divination: detect items
  1093 | D:2      | Reached XP level 4. HP: 21/39 MP: 4/4
  1270 | D:2      | XOM: mild Air miscast
  1469 | D:2      | Found a blossoming altar of Fedhas.
  2104 | D:3      | Noticed an ogre
  2108 | D:3      | XOM: confuse monster(s)
  2111 | D:3      | Killed an ogre
  2111 | D:3      | Reached skill level 7 in Axes
  2111 | D:3      | Reached XP level 5. HP: 15/45 MP: 5/5
  2229 | D:3      | XOM: harmless Summ miscast
  2421 | D:3      | Reached skill level 8 in Axes
  2709 | D:3      | Found a white marble altar of Elyvilon.
  2796 | D:4      | Reached XP level 6. HP: 39/51 MP: 6/6
  2820 | D:4      | XOM: harmless Tloc miscast
  2823 | D:4      | XOM: harmless Hex miscast
  2826 | D:4      | Got a sheer robe
  2837 | D:4      | Identified the cursed +0 robe "Qume Zeh" {rF+ Int+5} (You found it on level 4 of the Dungeon)
  2980 | D:4      | Reached skill level 9 in Axes
  3088 | D:4      | Noticed an ogre
  3096 | D:4      | Mangled by an ogre

Action                   |  1- 3 |  4- 6 || total
-------------------------+-------+-------++-------
Melee: Hand axe          |    85 |   125 ||   210
       Battleaxe         |       |    14 ||    14
 Stab: Petrifying        |     1 |       ||     1
       Paralysed         |       |     1 ||     1
  Eat: Chunk             |     1 |     6 ||     7
